 Dungeon Crawl Stone Soup version 0.29-a0-283-ga02f740833 (webtiles) character file.

Game seed: 2992109751069380365

12654 PaleWalker the Thrower (level 11, -3/112 HPs)
             Began as a Gnoll Wanderer on Mar 13, 2022.
             Was a High Priest of Hepliaklqana.
             Slain by Sonja
             ... wielding a +0 short sword of distortion
              (12 damage)
             ... on level 12 of the Dungeon.
             The game lasted 00:37:24 (10952 turns).

PaleWalker the Thrower (Gnoll Wanderer)            Turns: 10952, Time: 00:37:25

Health: -3/112     AC: 17    Str: 13    XL:     11   Next: 96%
Magic:  0/21       EV: 10    Int: 10    God:    Hepliaklqana [*****.]
Gold:   770        SH:  0    Dex: 16    Spells: 23/23 levels left

rFire   . . .      SeeInvis .   o - +1 trident (vorpal)
rCold   . . .      Faith    .   (no shield)
rNeg    . . .      Spirit   +   m - +0 plate armour
rPois   +          Reflect  .   (no helmet)
rElec   .          Harm     .   B - +0 cloak
rCorr   .          Rampage  .   (no gloves)
Will    .....                   h - +2 pair of boots
Stlth   ..........              O - amulet of guardian spirit
HPRegen 0.28/turn               t - ring of poison resistance
MPRegen 0.17/turn               u - +4 ring of evasion

@: mighty, berserking (expiring), very quick
A: reduced essence, fangs 1, strong nose, distributed training
a: Renounce Religion, Recall Ancestor, Ancestor Identity, Transference, Idealise


You were on level 12 of the Dungeon.
You worshipped Hepliaklqana.
Hepliaklqana was extremely pleased with you.
You visited 2 branches of the dungeon, and saw 12 of its levels.
You also visited: Ossuary.

You collected 770 gold pieces.

Inventory:

Hand Weapons
 f - a +4 scimitar of flaming
 o - a +1 vorpal trident (weapon)
 A - the +5 mace of Ephozob {protect, rElec rF+ Int-4}
   (You found it on level 5 of the Dungeon)

   It grants its wielder temporary protection when it strikes (+7 to AC).
   Int:       It affects your intelligence (-4).
   rF:        It protects you from fire.
   rElec:     It insulates you from electricity.
 P - a +7 war axe
Missiles
 H - 6 atropa-tipped darts (quivered)
 Q - 2 boomerangs of dispersal
Armour
 h - a +2 pair of boots (worn)
 m - a +0 plate armour (worn)
 B - a +0 cloak (worn)
Jewellery
 t - a ring of poison resistance (left hand)
 u - a +4 ring of evasion (right hand)
 y - a ring of flight
 z - a +6 ring of strength
 I - a ring of magical power
 K - a ring of magical power
 O - an amulet of guardian spirit (around neck)
Wands
 a - a wand of acid (6)
 x - a wand of mindburst (22)
 N - a wand of charming (2)
Scrolls
 b - 3 scrolls of fear
 e - 11 scrolls of teleportation
 g - 4 scrolls of immolation
 i - 5 scrolls of amnesia
 n - 6 scrolls of noise
 s - 3 scrolls of vulnerability
 w - 4 scrolls of magic mapping
 F - 2 scrolls of enchant armour {unknown}
 G - 3 scrolls of blinking {unknown}
 J - a scroll of holy word {unknown}
 M - a scroll of torment {unknown}
Potions
 j - a potion of resistance
 k - 5 potions of curing
 q - a potion of berserk rage
 r - 5 potions of lignification
 v - 3 potions of degeneration
 C - a potion of flight {unknown}
 D - 4 potions of magic
 E - 4 potions of attraction
 L - 5 potions of brilliance
 R - a potion of invisibility {unknown}


   Skills:
 + Level 7.3 Fighting
 + Level 9.5 Short Blades
 + Level 6.8 Long Blades
 + Level 6.8 Axes
 + Level 6.8 Maces & Flails
 + Level 8.3 Polearms
 + Level 6.8 Staves
 + Level 6.8 Slings
 + Level 6.8 Bows
 + Level 6.8 Crossbows
 + Level 9.5 Throwing
 + Level 6.8 Armour
 + Level 6.8 Dodging
 + Level 6.8 Stealth
 + Level 6.8 Shields
 + Level 6.8 Unarmed Combat
 + Level 6.8 Spellcasting
 + Level 5.6 Conjurations
 + Level 5.6 Hexes
 + Level 5.6 Summonings
 + Level 5.6 Necromancy
 + Level 5.6 Translocations
 + Level 5.6 Transmutations
 + Level 5.6 Fire Magic
 + Level 5.6 Ice Magic
 + Level 5.6 Air Magic
 + Level 5.6 Earth Magic
 + Level 5.6 Poison Magic
 + Level 7.9 Invocations
 + Level 6.8 Evocations


You had 23 spell levels left.
You didn't know any spells.
Your spell library contained the following spells:

 Spells                   Type           Power      Damage    Failure   Level
 Corpse Rot               Necr/Air       28%        N/A       94%         2
 Poisonous Vapours        Pois/Air       28%        N/A       94%         2
 Scorch                   Fire           28%        2d6       94%         2
 Static Discharge         Conj/Air       14%        N/A       94%         2
 Gell's Gravitas          Tloc           14%        N/A       99%         3
 Lesser Beckoning         Tloc           14%        N/A       99%         3
 Teleport Other           Tloc           14%        N/A       99%         3
 Tukima's Dance           Hex            14%        N/A       99%         3
 Anguish                  Hex/Necr       7%         N/A       100%        4
 Dispel Undead            Necr           14%        3d10      100%        4
 Flame Wave               Conj/Fire      14%        2d6       100%        4
 Sticky Flame             Conj/Fire      14%        2d4       100%        4
 Death Channel            Necr           7%         N/A       100%        6
 Summon Cactus Giant      Summ           7%         N/A       100%        6
 Enfeeble                 Hex            7%         N/A       100%        7


Dungeon Overview and Level Annotations

Branches:
Dungeon (12/15)            Temple (0/1) D:4             Orc (1/2) D:10
Ossuary (visited)
   Lair: D:8-11

Altars:
Hepliaklqana
Makhleb
Wu Jian
The Shining One

Shops:
D:2 ?   D:5 =

Portals:
Abyss: D:7

Annotations:
D:6 1 runed translucent door, seaofthunder's ghost, novice HOFi
D:7 2 transporters, seaofthunder's ghost, novice HOFi
D:10 1 runed translucent door, fragbeetle's ghost, journeyman DjVM
D:12 Jorgrun; Sonja


Innate Abilities, Weirdness & Mutations

Your life essence is reduced to manifest your ancestor. (-10% HP)
You have very sharp teeth.
Your uncanny sense of smell can sniff out nearby items.
Your experience applies equally to all skills.


Message History

* * * LOW HITPOINT WARNING * * *
You puncture Jorgrun! Your bite misses Jorgrun.
Jorgrun is heavily wounded.
You completely miss Jorgrun.
Jorgrun is heavily wounded.
Jorgrun closely misses you. The grasping roots constrict you.
Sonja, the Graceful Assassin comes into view.
She is wielding a +0 short sword of distortion and quivering curare-tipped darts.
You completely miss Jorgrun.
Jorgrun is heavily wounded.
Jorgrun hits you but does no damage. The grasping roots constrict you!
* * * LOW HITPOINT WARNING * * *
You puncture Jorgrun!
Jorgrun is severely wounded.
You completely miss Jorgrun.
Jorgrun is severely wounded.
Sonja gestures wildly while chanting.
Sonja blinks!
Jorgrun hits you but does no damage. The grasping roots constrict you!
* * * LOW HITPOINT WARNING * * *
You miss Jorgrun.
Jorgrun is severely wounded.
Sonja casts a spell.
Sonja blinks!
The grasping roots release their grip on you.
You hit Jorgrun.
Jorgrun is severely wounded.
Jorgrun says, "May tha earth consume ye!"
Jorgrun hits you but does no damage.
You impale Jorgrun!! Your bite misses Jorgrun.
Jorgrun is almost dead.
You barely miss Jorgrun.
Jorgrun is almost dead.
Jorgrun hits you with a +0 vorpal quarterstaff!
* * * LOW HITPOINT WARNING * * *
x2 You closely miss Jorgrun.
Your bite misses Jorgrun.
Jorgrun is almost dead.
Sonja hits you with a +0 short sword of distortion.
* * * LOW HITPOINT WARNING * * *
Space warps horribly around you!
You die...

####.######.##
#......K@g(..(#
#.#####.##ยง......
#....[..# ######.
####.#### #..#
#.## #)# ###.#
#...#


You could see Jorgrun and Sonja.

Vanquished Creatures
  Josephine (D:11)
  2 two-headed ogres
  A cyclops (D:11)
  A kobold demonologist (D:11)
  A wraith (D:11)
  A wyvern (D:10)
  3 yaks
  Grum (D:11)
  3 vampire mosquitoes (D:12)
  3 water moccasins
  3 orc warriors
  An ogre (D:10)
  2 wolves (D:11)
  A phantom (D:5)
  2 kobold brigands (D:8)
  2 bullfrogs
  6 wights
  2 howler monkeys
  A centaur zombie (D:4)
  4 orc priests
  A jelly (D:6)
  Jessica (D:2)
  2 iguanas (D:6)
  8 orc wizards
  2 scorpion zombies (D:4)
  Natasha (thrice) (D:2)
  A mummy (Ossuary)
  13 gnolls
  7 adders
  A shadow imp (D:8)
  3 white imps
  An ufetubus (D:5)
  An adder skeleton (D:4)
  4 worms
  A dart slug (D:1)
  42 orcs
  7 ball pythons
  5 bats
  7 endoplasms
  2 giant cockroaches
  3 goblins
  6 hobgoblins
  2 jackals (D:2)
  8 kobolds
  6 quokkas
  A frilled lizard (D:3)
  3 goblin zombies (Ossuary)
  A hobgoblin zombie (Ossuary)
  3 kobold zombies (Ossuary)
  2 rats
188 creatures vanquished.

Vanquished Creatures (collateral kills)
  Erica (D:8)
  A two-headed ogre (D:10)
  A cyclops (D:11)
  A gargoyle (D:12)
  Psyche (D:12)
  Prince Ribbit (D:8)
  A hornet (D:10)
  2 slime creatures (D:12)
  A wyvern (D:7)
  5 wraiths
  4 yaks
  Menkaure (D:4)
  An acid dragon (D:8)
  A sky beast (D:8)
  4 orc warriors
  A black bear (D:4)
  A wolf (D:11)
  4 centaurs
  A phantom (D:4)
  An elf zombie (Ossuary)
  A bullfrog (D:7)
  A gnoll sergeant (D:10)
  4 wights
  A howler monkey (D:12)
  2 centaur zombies (D:4)
  A hound (D:5)
  An orc priest (D:6)
  Crazy Yiuf (D:5)
  3 gnoll shamans
  An iguana (D:5)
  4 orc wizards
  A hound zombie (D:4)
  A hound skeleton (D:4)
  2 mummies (Ossuary)
  4 gnolls
  2 adders (D:4)
  15 orcs
  4 hobgoblins
  A jackal (D:2)
  5 kobolds
89 creatures vanquished.

Vanquished Creatures (others)
  7 knights
  2 fungi (D:10)
  3 plants (D:10)
  A withered plant (D:4)
13 creatures vanquished.

Grand Total: 290 creatures vanquished

Notes
Turn   | Place    | Note
-------+----------+-------------------------------------------
     0 | D:1      | PaleWalker the Gnoll Wanderer began the quest for the Orb.
     0 | D:1      | PaleWalker set off with the following items: a +2 short
                  | sword, a +0 spear, 6 boomerangs, a +0 dagger, a scroll of
                  | teleportation, a +0 robe
     0 | D:1      | Reached XP level 1. HP: 17/17 MP: 2/2
   196 | D:1      | Reached XP level 2. HP: 22/23 MP: 3/3
   421 | D:1      | Found a faded altar of an unknown god.
   432 | D:1      | Reached XP level 3. HP: 28/28 MP: 4/4
   432 | D:1      | Prayed at the altar of an unknown god.
   432 | D:1      | Became a worshipper of Hepliaklqana the Forgotten
   432 | D:1      | Reached * piety under Hepliaklqana
   971 | D:2      | Noticed Jessica
   974 | D:2      | Killed Jessica
   975 | D:2      | Reached skill level 1 in Long Blades
   975 | D:2      | Reached skill level 1 in Axes
   975 | D:2      | Reached skill level 1 in Maces & Flails
   975 | D:2      | Reached skill level 1 in Staves
   975 | D:2      | Reached skill level 1 in Slings
   975 | D:2      | Reached skill level 1 in Bows
   975 | D:2      | Reached skill level 1 in Crossbows
   975 | D:2      | Reached skill level 1 in Armour
   975 | D:2      | Reached skill level 1 in Dodging
   975 | D:2      | Reached skill level 1 in Stealth
   975 | D:2      | Reached skill level 1 in Shields
   975 | D:2      | Reached skill level 1 in Unarmed Combat
   975 | D:2      | Reached skill level 1 in Spellcasting
   975 | D:2      | Reached skill level 1 in Evocations
  1017 | D:2      | Found an ornate altar of the Wu Jian Council.
  1041 | D:2      | Reached XP level 4. HP: 30/30 MP: 6/6
  1261 | D:2      | Found Jumoo's Magic Scroll Shoppe.
  1324 | D:2      | Reached skill level 1 in Conjurations
  1324 | D:2      | Reached skill level 1 in Hexes
  1324 | D:2      | Reached skill level 1 in Summonings
  1324 | D:2      | Reached skill level 1 in Necromancy
  1324 | D:2      | Reached skill level 1 in Translocations
  1324 | D:2      | Reached skill level 1 in Transmutations
  1324 | D:2      | Reached skill level 1 in Fire Magic
  1324 | D:2      | Reached skill level 1 in Ice Magic
  1324 | D:2      | Reached skill level 1 in Air Magic
  1324 | D:2      | Reached skill level 1 in Earth Magic
  1324 | D:2      | Reached skill level 1 in Poison Magic
  1340 | D:2      | Noticed Natasha
  1345 | D:2      | Killed Natasha
  1421 | D:2      | Reached XP level 5. HP: 36/36 MP: 7/7
  1475 | D:2      | Noticed Natasha
  1479 | D:2      | Killed Natasha
  1573 | D:2      | Noticed Natasha
  1584 | D:2      | Killed Natasha
  1761 | D:3      | Reached ** piety under Hepliaklqana
  1989 | D:3      | Remembered your ancestor Xochipepe as a knight
  2068 | D:4      | Found a glowing golden altar of the Shining One.
  2069 | D:4      | Found a burning altar of Makhleb.
  2088 | D:4      | Reached XP level 6. HP: 40/42 MP: 8/8
  2134 | D:4      | Reached skill level 5 in Polearms
  2162 | D:4      | Noticed a black bear
  2167 | D:4      | Killed a black bear
  2168 | D:4      | Reached XP level 7. HP: 46/46 MP: 10/10
  2227 | D:4      | Noticed Menkaure
  2232 | D:4      | Killed Menkaure
  2362 | D:4      | Noticed a two-headed ogre
  2727 | D:4      | Killed a two-headed ogre
  2728 | D:4      | Reached XP level 8. HP: 54/54 MP: 11/13
  2801 | D:4      | Found a staircase to the Ecumenical Temple.
  2915 | D:5      | Entered Level 5 of the Dungeon
  2955 | D:5      | Found Catist's Jewellery Shop.
  3200 | D:5      | Reached skill level 5 in Invocations
  3200 | D:5      | Reached XP level 9. HP: 59/59 MP: 14/14
  3300 | D:5      | Reached *** piety under Hepliaklqana
  3386 | D:5      | Identified the +5 mace of Ephozob {protect, rElec rF+
                  | Int-4}
  3458 | D:5      | Found a runed translucent door.
  3459 | D:5      | Noticed Crazy Yiuf
  3464 | D:5      | Killed Crazy Yiuf
  4036 | D:6      | Found a runed translucent door.
  4039 | D:6      | Noticed seaofthunder's ghost (novice HOFi)
  4800 | D:7      | Reached skill level 5 in Fighting
  4815 | D:7      | Found a sand-covered staircase.
  4824 | Ossuary  | Entered an ossuary
  5441 | D:7      | Noticed an ancient zyme
  5463 | D:7      | Found a transporter.
  5467 | D:7      | Found a transporter.
  5481 | D:7      | Reached **** piety under Hepliaklqana
  5529 | D:7      | Noticed a worldbinder
  5546 | D:7      | Noticed seaofthunder's ghost (novice HOFi)
  5584 | D:7      | Found a one-way gate to the infinite horrors of the Abyss.
  5631 | D:7      | Reached XP level 10. HP: 63/66 MP: 15/17
  5835 | D:8      | Reached skill level 5 in Long Blades
  5835 | D:8      | Reached skill level 5 in Axes
  5835 | D:8      | Reached skill level 5 in Maces & Flails
  5835 | D:8      | Reached skill level 5 in Staves
  5835 | D:8      | Reached skill level 5 in Slings
  5835 | D:8      | Reached skill level 5 in Bows
  5835 | D:8      | Reached skill level 5 in Crossbows
  5835 | D:8      | Reached skill level 5 in Armour
  5835 | D:8      | Reached skill level 5 in Dodging
  5835 | D:8      | Reached skill level 5 in Stealth
  5835 | D:8      | Reached skill level 5 in Shields
  5835 | D:8      | Reached skill level 5 in Unarmed Combat
  5835 | D:8      | Reached skill level 5 in Spellcasting
  5835 | D:8      | Reached skill level 5 in Evocations
  6160 | D:8      | Noticed Erica
  6168 | D:8      | Killed Erica
  6433 | D:8      | Noticed Prince Ribbit
  6453 | D:8      | Killed Prince Ribbit
  6552 | D:8      | You fall into a shaft and drop 3 floors!
  6574 | D:10     | Entered Level 10 of the Dungeon
  6574 | D:10     | Noticed a two-headed ogre
  6582 | D:10     | Killed a two-headed ogre
  6915 | D:10     | Reached XP level 11. HP: 74/74 MP: 19/19
  6986 | D:10     | Found a staircase to the Orcish Mines.
  7138 | D:10     | Identified the +7 trident of Umueg {drain, rF+ rC+}
  7140 | D:10     | Found a runed translucent door.
  7145 | D:10     | Noticed a spriggan rider
  7147 | D:10     | Noticed fragbeetle's ghost (journeyman DjVM)
  7440 | Orc:1    | Entered Level 1 of the Orcish Mines
  7453 | Orc:1    | Noticed an orc warlord
  8064 | D:11     | Reached skill level 5 in Conjurations
  8064 | D:11     | Reached skill level 5 in Hexes
  8064 | D:11     | Reached skill level 5 in Summonings
  8064 | D:11     | Reached skill level 5 in Necromancy
  8064 | D:11     | Reached skill level 5 in Translocations
  8064 | D:11     | Reached skill level 5 in Transmutations
  8064 | D:11     | Reached skill level 5 in Fire Magic
  8064 | D:11     | Reached skill level 5 in Ice Magic
  8064 | D:11     | Reached skill level 5 in Air Magic
  8064 | D:11     | Reached skill level 5 in Earth Magic
  8064 | D:11     | Reached skill level 5 in Poison Magic
  8089 | D:11     | Noticed a cyclops
  8098 | D:11     | Killed a cyclops
  8223 | D:11     | Noticed Grum
  8234 | D:11     | Killed Grum
  8373 | D:11     | Reached ***** piety under Hepliaklqana
  8438 | D:11     | Noticed a cyclops
  8442 | D:11     | Noticed Josephine
  8448 | D:11     | Killed a cyclops
  8452 | D:11     | Killed Josephine
  8867 | D:11     | Noticed a boulder beetle
 10466 | D:12     | Noticed a seven-headed hydra
 10817 | D:12     | Noticed Psyche
 10838 | D:12     | Killed Psyche
 10899 | D:12     | Noticed a two-headed ogre
 10909 | D:12     | Killed a two-headed ogre
 10922 | D:12     | Noticed Jorgrun
 10944 | D:12     | Noticed Sonja
 10952 | D:12     | Slain by Sonja

Illustrated notes

Levels and vault maps discovered:
D:1:      amcnicky_arrival_abandoned_market, layout_basic,
          nicolae_ecumenical_snake_handling, minmay_tromino_v2
D:2:      layout_loops_ring, serial_shops, shop, basic_altar, kennysheep_path_1,
          uniq_natasha, uniq_jessica
D:3:      layout_rooms
D:4:      layout_basic, grunt_temple_overflow_open,
          minmay_temple_entry_poolview, serial_undead, serial_undead_e,
          serial_undead_f, serial_undead_a, serial_undead_c, uniq_menkaure
D:5:      layout_basic, serial_shops, nicolae_shop_hallway_plus,
          uniq_crazy_yiuf_cottage
D:6:      layout_loops_ring, ebering_ghost_sewer_d, minivault_10, st_stairs_6
D:7:      layout_rooms, nicolae_ossuary_entry_ruins,
          gammafunk_ghost_abyssal_escape
D:8:      layout_loops_corners, uniq_prince_ribbit1, uniq_erica
D:10:     layout_long_grid, hiddenorc2_lemuel, ebering_ghost_funeral_grove
D:11:     layout_stronghold, uniq_josephine, uniq_grum
D:12:     layout_roguey, gauntlet_entry_generic, lemuel_another_geyser,
          uniq_jorgrun, uniq_lodul, uniq_sonja, uniq_psyche
Orc:1:    hellmonk_paralyzer, layout_caves, rock_pile, uniq_erolcha

Skill      XL: |  1  2  3  4  5  6  7  8  9 10 11 |
---------------+----------------------------------+-----
Long Blades    | 1 2 3 4 5 6 |  6.8
Axes           | 1 2 3 4 5 6 |  6.8
Maces & Flails | 1 2 3 4 5 6 |  6.8
Staves         | 1 2 3 4 5 6 |  6.8
Slings         | 1 2 3 4 5 6 |  6.8
Bows           | 1 2 3 4 5 6 |  6.8
Crossbows      | 1 2 3 4 5 6 |  6.8
Armour         | 1 2 3 4 5 6 |  6.8
Dodging        | 1 2 3 4 5 6 |  6.8
Stealth        | 1 2 3 4 5 6 |  6.8
Shields        | 1 2 3 4 5 6 |  6.8
Unarmed Combat | 1 2 3 4 5 6 |  6.8
Spellcasting   | 1 2 3 4 5 6 |  6.8
Evocations     | 1 2 3 4 5 6 |  6.8
Conjurations   | 1 2 3 4 5 |  5.6
Hexes          | 1 2 3 4 5 |  5.6
Summonings     | 1 2 3 4 5 |  5.6
Necromancy     | 1 2 3 4 5 |  5.6
Translocations | 1 2 3 4 5 |  5.6
Transmutations | 1 2 3 4 5 |  5.6
Fire Magic     | 1 2 3 4 5 |  5.6
Ice Magic      | 1 2 3 4 5 |  5.6
Air Magic      | 1 2 3 4 5 |  5.6
Earth Magic    | 1 2 3 4 5 |  5.6
Poison Magic   | 1 2 3 4 5 |  5.6
Invocations    | 3 4 5 6 7 |  7.9
Fighting       | 3 4 5 6 7 |  7.3
Polearms       | 5 6 7 8 |  8.3
Short Blades   | 7 8 9 |  9.5
Throwing       | 7 8 9 |  9.5

Action                   |  1- 3 |  4- 6 |  7- 9 | 10-12 || total
-------------------------+-------+-------+-------+-------++-------
Melee: Short sword       |    25 |       |       |       ||    25
       Bite              |     1 |     3 |     5 |    24 ||    33
       Trident           |       |    22 |    38 |    56 ||   116
       Punch             |       |       |     4 |    10 ||    14
       Mace              |       |       |    46 |       ||    46
       War axe           |       |       |     1 |   133 ||   134
       Unarmed           |       |       |       |     8 ||     8
Throw: Boomerang         |    40 |    92 |   187 |   177 ||   496
       Dart              |       |       |       |    18 ||    18
       Throwing net      |       |       |       |     2 ||     2
Invok: Ancestor Identity |     1 |       |       |       ||     1
       Recall Ancestor   |       |     1 |       |     2 ||     3
       Ancestor Life: Kn |       |     1 |       |       ||     1
       Transference      |       |       |       |     1 ||     1
Evoke: Wand              |       |       |       |     1 ||     1
  Use: Scroll            |       |       |    16 |     5 ||    21
       Potion            |       |       |       |     3 ||     3
 Stab: Sleeping          |     1 |       |       |       ||     1
       Distracted        |       |     1 |     2 |     3 ||     6
       Invisible         |       |       |       |     3 ||     3
Armor: Robe              |     2 |       |       |       ||     2
       Leather armour    |     3 |       |       |       ||     3
       Plate armour      |       |    23 |    48 |   104 ||   175
       Skin              |       |       |       |     1 ||     1
Dodge: Dodged            |    17 |       |    33 |    82 ||   132

Table legend: (Time is in decaauts)
 A = Elapsed time spent in this place.
 B = Non-inter-level travel time spent in this place.
 C = Inter-level travel time spent in this place.
 D = Time resting spent in this place.
 E = Time spent auto-exploring this place.
 F = Levels seen in this place.
 G = Mean time per level.
                   A        B        C        D        E       F      G
               +--------+--------+--------+--------+--------+-----+--------+
         Total |  10967 |  10471 |    496 |   1303 |   7091 |  13 |  843.6 |
       Dungeon |  10507 |  10011 |    496 |   1303 |   6757 |  11 |  955.2 |
  Orcish Mines |     14 |     14 |      0 |      0 |      0 |   1 |   14.0 |
       Ossuary |    445 |    445 |      0 |      0 |    334 |   1 |  445.0 |
               +--------+--------+--------+--------+--------+-----+--------+

Top non-repeatable levels by time:
    D:10: 1880 daAuts
    D:11: 1790 daAuts
     D:5: 1111 daAuts
     D:1: 921 daAuts
     D:4: 808 daAuts
     D:8: 781 daAuts
     D:6: 755 daAuts
     D:2: 730 daAuts
    D:12: 726 daAuts
     D:7: 554 daAuts
     D:3: 446 daAuts
 Ossuary: 445 daAuts
   Orc:1: 14 daAuts
